| TOP OF THE 1ST |
|
Port-au-Prince Pirates batting - Pitching for Havana Conejitos : LHP Ricky Horton
|
|
Pitching: LHP Ricky Horton
|
|
|
Batting: RHB Robert Duran
|
0-0: Ball 1-0: Ball 2-0: Called Strike 2-1: Ball 3-1: Called Strike 3-2: Base on Balls
|
|
Batting: LHB John Edmonds
|
0-0: Called Strike 0-1: Ball 1-1: Ball 2-1: Ball 3-1: Called Strike 3-2: Foul Ball, location: 2F 3-2: Fielders Choice at 2nd, 5-4 (Groundball, 5, EV 86.9 MPH)
|
|
Batting: RHB Bobby Miscik
|
0-0: Fly out, F5 (Line Drive, 5, EV 71.3 MPH)
|
|
Batting: RHB Dennis Tiefenthaler
|
0-0: Ball John Edmonds is caught stealing 2nd base 2-4
|
| Top of the 1st over - 0 runs, 0 hits, 0 errors, 0 left on base; Port-au-Prince 0 - Havana 0 |
| BOTTOM OF THE 1ST |
|
Havana Conejitos batting - Pitching for Port-au-Prince Pirates : LHP Ron Jensen
|
|
Pitching: LHP Ron Jensen
|
|
|
Batting: RHB Ulises Infante
|
0-0: Ball 1-0: Foul Ball, location: 2F 1-1: Foul Ball, location: 2F 1-2: Foul Ball, location: 2F 1-2: Strikes out swinging
|
|
Batting: LHB Scott Radloff
|
0-0: Called Strike 0-1: Ball 1-1: Ball 2-1: Ball 3-1: Base on Balls
|
|
Batting: RHB Luis Gonzalez
|
0-0: Called Strike 0-1: Ball 1-1: Swinging Strike 1-2: Strikes out swinging
|
|
Batting: LHB Jim Bennett
|
0-0: Called Strike 0-1: Ball 1-1: Ball 2-1: Ball 3-1: DOUBLE (Groundball, 3L, EV 103.1 MPH) Scott Radloff to third Runner from 3rd tries for Home, SAFE, throw by RF to home
|
|
Batting: RHB John Malkin
|
0-0: Swinging Strike 0-1: Ball 1-1: Swinging Strike 1-2: Strikes out swinging
|
| Bottom of the 1st over - 1 run, 1 hit, 0 errors, 1 left on base; Port-au-Prince 0 - Havana 1 |
| TOP OF THE 2ND |
|
Port-au-Prince Pirates batting - Pitching for Havana Conejitos : LHP Ricky Horton
|
|
Batting: RHB Dennis Tiefenthaler
|
0-0: Called Strike 0-1: Ball 1-1: Ground out 5-3 (Groundball, 56, EV 88.8 MPH)
|
|
Batting: RHB Ronald Carapezzi
|
0-0: Swinging Strike 0-1: Foul Ball, location: 2F 0-2: Ball 1-2: DOUBLE (Line Drive, 7LM, EV 109.4 MPH)
|
|
Batting: RHB Byron Peyton
|
0-0: Ball 1-0: Ball 2-0: Ball 3-0: Base on Balls
|
|
Batting: SHB Michael Kennedy
|
0-0: Ball 1-0: Swinging Strike 1-1: Ball 2-1: Swinging Strike 2-2: SINGLE (Line Drive, 7S, EV 110.0 MPH) Ronald Carapezzi to third Byron Peyton to second Runner from 3rd tries for Home, SAFE, throw by LF to home
|
|
Batting: RHB Augie Schmidt
|
0-0: Called Strike 0-1: Foul Ball, location: 2F 0-2: Ball 1-2: Foul Ball, location: 2F 1-2: DOUBLE (Line Drive, 89D, EV 108.1 MPH) Byron Peyton scores Michael Kennedy to third Runner from 3rd tries for Home, SAFE, throw by RF to trailing runner, SAFE at third!
|
|
Batting: RHB Gerry Melillo
|
0-0: Fly out, F4 (Popup, 4, EV 81.9 MPH)
|
|
Batting: RHB Robert Duran
|
0-0: Ball 1-0: Foul Ball, location: 2F 1-1: Swinging Strike 1-2: Strikes out swinging
|
| Top of the 2nd over - 3 runs, 3 hits, 0 errors, 1 left on base; Port-au-Prince 3 - Havana 1 |
| BOTTOM OF THE 2ND |
|
Havana Conejitos batting - Pitching for Port-au-Prince Pirates : LHP Ron Jensen
|
|
Batting: LHB Donald Mazzilli
|
0-0: Ball 1-0: Called Strike 1-1: Ball 2-1: Ball 3-1: SINGLE (Groundball, 6MD, EV 102.5 MPH)
|
|
Batting: SHB Julio Estrada
|
0-0: Ball 1-0: Ball 2-0: Grounds into double play, 4-6-3 (Groundball, 4, EV 76.3 MPH)
|
|
Batting: LHB Michael Wishnevski
|
0-0: Called Strike 0-1: Fly out, F7 (Flyball, 7LS, EV 93.1 MPH)
|
| Bottom of the 2nd over - 0 runs, 1 hit, 0 errors, 0 left on base; Port-au-Prince 3 - Havana 1 |
| TOP OF THE 3RD |
|
Port-au-Prince Pirates batting - Pitching for Havana Conejitos : LHP Ricky Horton
|
|
Batting: LHB John Edmonds
|
0-0: Called Strike 0-1: Ball 1-1: Foul Ball, location: 2F 1-2: Ball 2-2: Foul Ball, location: 2F 2-2: Ball 3-2: Reached on error, E3 (Groundball, 3, EV 101.3 MPH)
|
|
Batting: RHB Bobby Miscik
|
0-0: Ball 1-0: Called Strike 1-1: Ball 2-1: Ball Wild Pitch! John Edmonds to second 3-1: Called Strike 3-2: Foul Ball, location: 2F 3-2: SINGLE (Line Drive, 89S, EV 93.8 MPH) John Edmonds to third Runner from 3rd tries for Home, SAFE, throw by CF to home
|
|
Batting: RHB Dennis Tiefenthaler
|
0-0: SINGLE (Line Drive, 4MD, EV 100.0 MPH) Bobby Miscik to second Runner from 2nd tries for 3rd, SAFE, no throw by CF
|
|
Batting: RHB Ronald Carapezzi
|
0-0: Ball 1-0: Foul Ball, location: 2F 1-1: Fly out, F8 (Flyball, 8RD, EV 106.3 MPH) Runner from 3rd tags up, SCORES, no throw by CF
|
|
Batting: RHB Byron Peyton
|
0-0: Ball 1-0: Ball 2-0: Ball 3-0: Called Strike 3-1: Called Strike 3-2: Base on Balls Dennis Tiefenthaler to second
|
|
Batting: SHB Michael Kennedy
|
0-0: Called Strike 0-1: Fly out, F8 (Flyball, 89D, EV 93.1 MPH) Runner from 2nd tags up, SAFE at 3rd, no throw by CF
|
|
Batting: RHB Augie Schmidt
|
0-0: Ball 1-0: Ball 2-0: Called Strike 2-1: Fielders Choice at 2nd, 6-4 (Groundball, 6, EV 86.9 MPH)
|
| Top of the 3rd over - 2 runs, 2 hits, 1 error, 2 left on base; Port-au-Prince 5 - Havana 1 |
| BOTTOM OF THE 3RD |
|
Havana Conejitos batting - Pitching for Port-au-Prince Pirates : LHP Ron Jensen
|
|
Batting: RHB Ramon Borrero
|
0-0: Ball 1-0: Foul Ball, location: 2F 1-1: Ball 2-1: Fly out, F7 (Flyball, 7D, EV 95.0 MPH)
|
|
Batting: RHB Ulises Infante
|
0-0: Ball 1-0: Swinging Strike 1-1: Swinging Strike 1-2: Strikes out swinging, 2-3 out at first.
|
|
Batting: LHB Scott Radloff
|
0-0: Foul Ball, location: 2F 0-1: SINGLE (Groundball, 4D, EV 100.6 MPH)
|
|
Batting: RHB Luis Gonzalez
|
0-0: Swinging Strike Pickoff Throw by Catcher to First - Out!
|
| Bottom of the 3rd over - 0 runs, 1 hit, 0 errors, 0 left on base; Port-au-Prince 5 - Havana 1 |
| TOP OF THE 4TH |
|
Port-au-Prince Pirates batting - Pitching for Havana Conejitos : LHP Ricky Horton
|
|
Batting: RHB Gerry Melillo
|
0-0: Ball 1-0: Ball 2-0: Foul Ball, location: 2F 2-1: Ball 3-1: Ground out 4-3 (Groundball, 4, EV 86.9 MPH)
|
|
Batting: RHB Robert Duran
|
0-0: Called Strike 0-1: Ball 1-1: Swinging Strike 1-2: Strikes out looking
|
|
Batting: LHB John Edmonds
|
0-0: Ball 1-0: Ball 2-0: Ball 3-0: Base on Balls
|
|
Batting: RHB Bobby Miscik
|
0-0: Ball 1-0: Called Strike 1-1: Ball 2-1: Ball 3-1: Ground out 5-3 (Groundball, 56S, EV 83.1 MPH)
|
| Top of the 4th over - 0 runs, 0 hits, 0 errors, 1 left on base; Port-au-Prince 5 - Havana 1 |
| BOTTOM OF THE 4TH |
|
Havana Conejitos batting - Pitching for Port-au-Prince Pirates : LHP Ron Jensen
|
|
Batting: RHB Luis Gonzalez
|
0-0: Ball 1-0: Foul Ball, location: 2F 1-1: Called Strike 1-2: DOUBLE (Line Drive, 9LS, EV 96.9 MPH)
|
|
Batting: LHB Jim Bennett
|
0-0: Called Strike 0-1: Ball 1-1: Ground out 6-3 (Groundball, 6, EV 108.1 MPH)
|
|
Batting: RHB John Malkin
|
0-0: Foul Ball, location: 2F 0-1: Called Strike 0-2: Strikes out swinging
|
|
Batting: LHB Donald Mazzilli
|
0-0: Ball 1-0: Ball 2-0: Ground out 6-3 (Groundball, 6, EV 105.6 MPH)
|
| Bottom of the 4th over - 0 runs, 1 hit, 0 errors, 1 left on base; Port-au-Prince 5 - Havana 1 |
| TOP OF THE 5TH |
|
Port-au-Prince Pirates batting - Pitching for Havana Conejitos : LHP Ricky Horton
|
|
Batting: RHB Dennis Tiefenthaler
|
0-0: Ball 1-0: Called Strike 1-1: Ball 2-1: Foul Ball, location: 2F 2-2: Foul Ball, location: 2F 2-2: Ball 3-2: Foul Ball, location: 2F 3-2: Ground out 4-3 (Groundball, 4, EV 80.0 MPH)
|
|
Batting: RHB Ronald Carapezzi
|
0-0: Called Strike 0-1: SINGLE (Groundball, 6D, EV 100.6 MPH)
|
|
Pitching: LHP Jose Perez
|
|
|
Batting: RHB Byron Peyton
|
0-0: Ball 1-0: Swinging Strike 1-1: Foul Ball, location: 2F 1-2: Strikes out looking
|
|
Batting: SHB Michael Kennedy
|
0-0: Ball 1-0: SINGLE (Groundball, 34D, EV 97.5 MPH) Ronald Carapezzi to second Runner from 2nd tries for 3rd, SAFE, no throw by RF
|
|
Batting: RHB Augie Schmidt
|
0-0: Called Strike 0-1: Ball 1-1: Swinging Strike 1-2: SINGLE (Groundball, 34S, EV 82.5 MPH) (infield hit) Ronald Carapezzi scores Michael Kennedy to second
|
|
Batting: RHB Gerry Melillo
|
0-0: Swinging Strike 0-1: Ball 1-1: Foul Ball, location: 2F 1-2: Ball 2-2: Ball Wild Pitch! Michael Kennedy to third Augie Schmidt to second 3-2: Base on Balls
|
|
Batting: RHB Robert Duran
|
0-0: Ball 1-0: Ball 2-0: Called Strike 2-1: Called Strike 2-2: Ball 3-2: Strikes out swinging
|
| Top of the 5th over - 1 run, 3 hits, 0 errors, 3 left on base; Port-au-Prince 6 - Havana 1 |
| BOTTOM OF THE 5TH |
|
Havana Conejitos batting - Pitching for Port-au-Prince Pirates : LHP Ron Jensen
|
|
Batting: SHB Julio Estrada
|
0-0: Foul Ball, location: 2F 0-1: Ground out 5-3 (Groundball, 56, EV 110.6 MPH)
|
|
Batting: LHB Michael Wishnevski
|
0-0: Ball 1-0: Swinging Strike 1-1: Swinging Strike 1-2: Strikes out swinging
|
|
Batting: RHB Ramon Borrero
|
0-0: Called Strike 0-1: Ball 1-1: Called Strike 1-2: Ground out 5-3 (Groundball, 5L, EV 103.1 MPH)
|
| Bottom of the 5th over - 0 runs, 0 hits, 0 errors, 0 left on base; Port-au-Prince 6 - Havana 1 |
| TOP OF THE 6TH |
|
Port-au-Prince Pirates batting - Pitching for Havana Conejitos : LHP Jose Perez
|
|
Batting: LHB John Edmonds
|
0-0: Called Strike 0-1: Foul Ball, location: 2F 0-2: Ball 1-2: Foul Ball, location: 2F 1-2: Ball 2-2: Fly out, F6 (Popup, 15, EV 84.4 MPH)
|
|
Batting: RHB Bobby Miscik
|
0-0: Called Strike 0-1: SINGLE (Groundball, 34D, EV 94.4 MPH)
|
|
Batting: RHB Dennis Tiefenthaler
|
0-0: Ball 1-0: Called Strike Bobby Miscik is caught stealing 2nd base 2-4 1-1: Ball 2-1: Fly out, F9 (Flyball, 9S, EV 86.9 MPH)
|
| Top of the 6th over - 0 runs, 1 hit, 0 errors, 0 left on base; Port-au-Prince 6 - Havana 1 |
| BOTTOM OF THE 6TH |
|
Havana Conejitos batting - Pitching for Port-au-Prince Pirates : LHP Ron Jensen
|
|
Batting: RHB Ulises Infante
|
0-0: Ball 1-0: Ground out 4-3 (Groundball, 4M, EV 106.9 MPH)
|
|
Batting: LHB Scott Radloff
|
0-0: Ball 1-0: Swinging Strike 1-1: Ball 2-1: Foul Ball, location: 2F 2-2: Foul Ball, location: 2F 2-2: Ball 3-2: Fly out, F8 (Flyball, 8LD, EV 98.8 MPH)
|
|
Batting: RHB Luis Gonzalez
|
0-0: Called Strike 0-1: Ball 1-1: Fly out, F3 (Popup, 3SF, EV 74.4 MPH)
|
| Bottom of the 6th over - 0 runs, 0 hits, 0 errors, 0 left on base; Port-au-Prince 6 - Havana 1 |
| TOP OF THE 7TH |
|
Port-au-Prince Pirates batting - Pitching for Havana Conejitos : LHP Jose Perez
|
|
Batting: RHB Ronald Carapezzi
|
0-0: Ball 1-0: Foul Ball, location: 2F 1-1: Swinging Strike 1-2: Ball 2-2: Ball 3-2: Ground out 6-3 (Groundball, 6, EV 106.3 MPH)
|
|
Batting: RHB Byron Peyton
|
0-0: Foul Ball, location: 2F 0-1: Ball 1-1: Ball 2-1: Foul Ball, location: 2F 2-2: Ball 3-2: Ground out 4-3 (Groundball, 4, EV 91.9 MPH)
|
|
Batting: SHB Michael Kennedy
|
0-0: Called Strike 0-1: Foul Ball, location: 2F 0-2: Ball 1-2: Ball 2-2: SINGLE (Line Drive, 4D, EV 93.8 MPH)
|
|
Pitching: RHP Tom Layton
|
|
|
Batting: RHB Augie Schmidt
|
0-0: Ball 1-0: Called Strike 1-1: Called Strike 1-2: Foul Ball, location: 2F 1-2: Foul Ball, location: 2F 1-2: Strikes out swinging
|
| Top of the 7th over - 0 runs, 1 hit, 0 errors, 1 left on base; Port-au-Prince 6 - Havana 1 |
| BOTTOM OF THE 7TH |
|
Havana Conejitos batting - Pitching for Port-au-Prince Pirates : LHP Ron Jensen
|
|
Batting: LHB Jim Bennett
|
0-0: Ball 1-0: Ball 2-0: Ground out 6-3 (Groundball, P, EV 92.5 MPH)
|
|
Batting: RHB John Malkin
|
0-0: Ball 1-0: Called Strike 1-1: Foul Ball, location: 2F 1-2: Strikes out swinging
|
|
Batting: LHB Donald Mazzilli
|
0-0: Ball 1-0: Ball 2-0: Fly out, F8 (Line Drive, 8RM, EV 100.6 MPH)
|
| Bottom of the 7th over - 0 runs, 0 hits, 0 errors, 0 left on base; Port-au-Prince 6 - Havana 1 |
| TOP OF THE 8TH |
|
Port-au-Prince Pirates batting - Pitching for Havana Conejitos : RHP Tom Layton
|
|
Batting: RHB Gerry Melillo
|
0-0: Ball 1-0: Called Strike 1-1: Swinging Strike 1-2: Strikes out looking
|
|
Batting: RHB Robert Duran
|
0-0: Fly out, F9 (Flyball, 9, EV 89.4 MPH)
|
|
Batting: LHB John Edmonds
|
0-0: Swinging Strike 0-1: Foul Ball, location: 2F 0-2: Ball 1-2: Foul Ball, location: 2F 1-2: Strikes out swinging
|
| Top of the 8th over - 0 runs, 0 hits, 0 errors, 0 left on base; Port-au-Prince 6 - Havana 1 |
| BOTTOM OF THE 8TH |
|
Havana Conejitos batting - Pitching for Port-au-Prince Pirates : LHP Ron Jensen
|
|
Batting: SHB Julio Estrada
|
0-0: Ball 1-0: Ball 2-0: Ball 3-0: Called Strike 3-1: Fly out, F6 (Popup, 6M, EV 63.8 MPH)
|
|
Batting: LHB Michael Wishnevski
|
0-0: Swinging Strike 0-1: Ball 1-1: Called Strike 1-2: Ground out 4-3 (Groundball, 4, EV 86.9 MPH)
|
|
Batting: RHB Ramon Borrero
|
0-0: Fly out, F8 (Flyball, 89D, EV 90.6 MPH)
|
| Bottom of the 8th over - 0 runs, 0 hits, 0 errors, 0 left on base; Port-au-Prince 6 - Havana 1 |
| TOP OF THE 9TH |
|
Port-au-Prince Pirates batting - Pitching for Havana Conejitos : RHP Tom Layton
|
|
Batting: RHB Bobby Miscik
|
0-0: Swinging Strike 0-1: Ball 1-1: Ball 2-1: Reached on error, E6 (Groundball, 56, EV 78.8 MPH)
|
|
Batting: RHB Dennis Tiefenthaler
|
0-0: Ball 1-0: Swinging Strike 1-1: Ground out 5-3 (Groundball, 56S, EV 86.3 MPH)
|
|
Batting: RHB Ronald Carapezzi
|
0-0: Ball 1-0: Swinging Strike 1-1: Foul Ball, location: 2F 1-2: Ball Wild Pitch! Bobby Miscik to third 2-2: Foul Ball, location: 2F 2-2: Fly out, F6 (Flyball, 56D, EV 71.9 MPH)
|
|
Batting: RHB Byron Peyton
|
0-0: Ball 1-0: Ball 2-0: Ball 3-0: Called Strike 3-1: Swinging Strike 3-2: Strikes out swinging
|
| Top of the 9th over - 0 runs, 0 hits, 1 error, 1 left on base; Port-au-Prince 6 - Havana 1 |
| BOTTOM OF THE 9TH |
|
Havana Conejitos batting - Pitching for Port-au-Prince Pirates : LHP Ron Jensen
|
|
Batting: RHB Ulises Infante
|
0-0: Ball 1-0: Called Strike 1-1: Ball 2-1: Ball 3-1: Foul Ball, location: 2F 3-2: Base on Balls
|
|
Pitching: LHP Daniel Brown
|
|
|
Batting: LHB Scott Radloff
|
0-0: Foul Ball, location: 2F 0-1: Ball 1-1: Foul Ball, location: 2F 1-2: Ball 2-2: Ball 3-2: SINGLE (Groundball, 4MS, EV 68.8 MPH) (infield hit) Ulises Infante to second
|
|
Batting: RHB Luis Gonzalez
|
0-0: Called Strike 0-1: Ball 1-1: Ball 2-1: Grounds into double play, 6-4-3 (Groundball, 6, EV 85.0 MPH) Ulises Infante to third
|
|
Batting: LHB Jim Bennett
|
0-0: Called Strike 0-1: Ground out 3-1 (Groundball, 34S, EV 75.6 MPH)
|
| Bottom of the 9th over - 0 runs, 1 hit, 0 errors, 1 left on base; Port-au-Prince 6 - Havana 1 |
|